[Event "Titled Tuesday Blitz April 19 Early 2022"]
[White "Tologon tegin, Semetei"]
[Black "Costachi, Mihnea"]
[WhiteFideId "13800574"]
[BlackFideId "1217518"]
[WhiteElo "2258"]
[BlackElo "2476"]
[Result "1-0"]
[Round "02"]
[TimeControl "180+1"]
[Date "2022.04.19"]
[WhiteClock "0:00:31"]
[BlackClock "0:01:24"]

1. e4 c5 2. Nf3 d6 3. d4 cxd4 4. Nxd4 Nf6 5. Nc3 Nc6 6. Bg5 e6 7. Qd2 a6 8. O-O-O Bd7 9. f3 b5 10. Kb1 Be7 11. h4 Qb6 12. Nb3 Rc8 13. h5 h6 14. Be3 Qc7 15. g4 Na5 16. Nxb5 axb5 17. Nxa5 d5 18. e5 Nh7 19. f4 O-O 20. Nb3 Ra8 21. Bd3 Ra4 22. Qg2 Rfa8 23. Nc1 Qa5 24. g5 hxg5 25. fxg5 Rxa2 26. Nxa2 Qxa2+ 27. Kc1 Bb4 28. c3 Ba3 29. Bxh7+ Kh8 30. Bb1 Qb3 31. Qc2 Qxc2+ 32. Bxc2 Be7 33. g6 f6 34. exf6 Bxf6 35. h6 Kg8 36. hxg7 Bxg7 37. Rh7 Bc6 38. Bd4 e5 39. Rxg7+ Kxg7 40. Bxe5+ Kh6 41. g7 d4 42. Bxd4 b4 43. cxb4 Rc8 44. Bc3 Bf3 45. Rf1 Bh5 46. Rg1 Bf7 47. Bf5 Ra8 48. Kd2 Rd8+ 49. Ke3 Re8+ 50. Kf4 Bd5 51. Rg6+ Kh5 52. Rg5+ Kh6 53. Rg3 1-0


[Site "https://www.chess.com"]

[Event "Titled Tuesday Blitz April 19 Early 2022"]
[White "Toncheva, Nadya"]
[Black "Mangialardo, Tiago Carvalho"]
[WhiteFideId "2924056"]
[BlackFideId "2130718"]
[WhiteElo "1884"]
[BlackElo "2038"]
[Result "1-0"]
[Round "02"]
[TimeControl "180+1"]
[Date "2022.04.19"]
[WhiteClock "0:01:21"]
[BlackClock "0:00:02"]

1. e4 Nf6 2. e5 Nd5 3. c4 Nb6 4. d4 d6 5. exd6 exd6 6. Nf3 Bg4 7. Be2 Be7 8. Nc3 O-O 9. Be3 Nc6 10. b3 d5 11. c5 Nc8 12. h3 Bh5 13. Rb1 a5 14. a3 Bf6 15. b4 axb4 16. axb4 Ra3 17. Qd2 Bg6 18. Bd3 Bxd3 19. Qxd3 Qd7 20. O-O N8e7 21. Qd2 Rfa8 22. Rfe1 Nf5 23. g4 Nxe3 24. Rxe3 h5 25. g5 Be7 26. Kg2 Qf5 27. Rbe1 Bxg5 28. Re8+ Rxe8 29. Rxe8+ Kh7 30. Nxg5+ Kg6 31. Nf3 Nxb4 32. Nh4+ Kf6 33. Nxf5 1-0


[Site "https://www.chess.com"]

[Event "Titled Tuesday Blitz April 19 Early 2022"]
[White "Urazayev, Arystanbek"]
[Black "Kadam, Om Manish"]
[WhiteFideId "13709810"]
[BlackFideId "45076294"]
[WhiteElo "2422"]
[BlackElo "1729"]
[Result "0-1"]
[Round "02"]
[TimeControl "180+1"]
[Date "2022.04.19"]
[WhiteClock "0:00:04"]
[BlackClock "0:00:19"]

1. d4 Nf6 2. c4 g6 3. Nc3 d5 4. cxd5 Nxd5 5. e4 Nxc3 6. bxc3 Bg7 7. Bc4 c5 8. Ne2 Nc6 9. Be3 O-O 10. h4 h5 11. O-O a6 12. dxc5 Ne5 13. Bd5 e6 14. Bb3 Bd7 15. Bg5 Qc8 16. Qd6 Bb5 17. Rfe1 Nd3 18. c4 Nxe1 19. Rxe1 Bc6 20. e5 Re8 21. Ng3 Bf8 22. Qd4 Qd7 23. Qxd7 Bxd7 24. Ne4 Bc6 25. Nf6+ Kg7 26. Nxe8+ Rxe8 27. Be3 Rd8 28. f3 Rd3 29. Kf2 Be7 30. g3 a5 31. Rd1 Rc3 32. Ke2 a4 33. Kd2 Rxe3 34. Kxe3 Bxc5+ 35. Ke2 axb3 36. axb3 Be7 37. f4 Kf8 38. Ra1 Bc5 39. Rb1 Bb4 40. Rd1 Ke7 41. Rd4 Bc5 42. Rd1 Be4 43. Rd2 Bf5 44. Kf1 Bh3+ 45. Ke2 Bg2 46. Ra2 Be4 47. Ra5 Bg1 48. c5 Bd5 49. b4 Bd4 50. Kd3 Bf2 51. Ra7 Bxg3 52. b5 Kd8 53. c6 bxc6 54. b6 Kc8 55. Rxf7 Bxh4 56. Rg7 Bg3 57. f5 exf5 58. Kd4 Bf2+ 59. Kd3 Bxb6 60. Rxg6 f4 61. e6 f3 62. Rg8+ Kc7 63. e7 Bf7 64. e8=Q Bxe8 65. Rxe8 f2 66. Ke2 Bd4 67. Re4 c5 68. Rh4 Kd6 69. Rxh5 c4 70. Rh6+ Kc5 71. Rh5+ Kb4 72. Rh4 Bc5 73. Rf4 Kb3 74. Rf5 Bd4 75. Rd5 c3 76. Rxd4 c2 77. Rd3+ Kb4 78. Rd4+ Kb5 79. Rd5+ Kb6 80. Rd6+ Kb7 81. Kxf2 c1=Q 82. Rd7+ Kc6 83. Rd3 Kc5 84. Re3 Kd4 85. Re2 Kd3 86. Re1 Qf4+ 87. Kg2 Kd2 88. Rf1 Qg4+ 89. Kh2 Ke2 90. Rg1 Qh4+ 91. Kg2 Ke3 92. Rf1 Qg4+ 93. Kh1 Qh3+ 94. Kg1 Qg3+ 95. Kh1 Ke4 0-1


[Site "https://www.chess.com"]

[Event "Titled Tuesday Blitz April 19 Early 2022"]
[White "Valle Maytin, Luis Enrique"]
[Black "Skliarov, Viktor"]
[WhiteFideId "3503666"]
[BlackFideId "14106736"]
[WhiteElo "2308"]
[BlackElo "2229"]
[Result "0-1"]
[Round "02"]
[TimeControl "180+1"]
[Date "2022.04.19"]
[WhiteClock "0:00:11"]
[BlackClock "0:00:11"]

1. e4 c5 2. Nf3 Nc6 3. d4 cxd4 4. Nxd4 Nf6 5. Nc3 e5 6. Ndb5 d6 7. Bg5 a6 8. Na3 b5 9. Bxf6 gxf6 10. Nd5 f5 11. c4 b4 12. Nc2 fxe4 13. Ncxb4 Nxb4 14. Nxb4 Qa5 15. a3 d5 16. Qd2 d4 17. Nd5 Qxd2+ 18. Kxd2 Kd8 19. Be2 Bh6+ 20. Kd1 f5 21. g3 Rg8 22. Re1 f4 23. Nf6 Rf8 24. Nxe4 fxg3 25. fxg3 Bh3 26. Kc2 Kc7 27. Bd3 Rf7 28. b4 Raf8 29. Nc5 Rf2+ 30. Kb3 Kd6 31. Ne4+ Ke6 32. Nxf2 Rxf2 33. Bxh7 Bd2 34. Re4 Rxh2 35. Rh4 Bg5 36. Rh5 Bf6 37. Bf5+ Bxf5 38. Rxh2 e4 39. Rf1 e3 40. Rh6 e2 41. Re1 d3 42. Rh2 Bg4 43. c5 Kd5 44. c6 Kxc6 45. Kc4 d2 46. Rhxe2 Bxe2+ 47. Rxe2 d1=Q 48. Re6+ Kd7 49. Rxf6 Qc2+ 50. Kd5 Qd3+ 51. Ke5 Qxg3+ 52. Rf4 Qxa3 53. Rd4+ Kc6 54. Rd6+ Kb5 55. Rd4 Qxb4 56. Rd7 Qc5+ 57. Ke6 Qc6+ 58. Rd6 Qxd6+ 59. Kxd6 a5 60. Kd5 Kb4 61. Kd4 Kb3 62. Kd3 Kb2 63. Kc4 a4 64. Kb4 a3 0-1


[Site "https://www.chess.com"]

[Event "Titled Tuesday Blitz April 19 Early 2022"]
[White "Van den Dikkenberg, Erik"]
[Black "Czerw, Dawid"]
[WhiteFideId "1005880"]
[BlackFideId "1145746"]
[WhiteElo "2118"]
[BlackElo "2125"]
[Result "1-0"]
[Round "02"]
[TimeControl "180+1"]
[Date "2022.04.19"]
[WhiteClock "0:00:33"]
[BlackClock "0:00:12"]

1. e4 c5 2. Nc3 Nc6 3. f4 g6 4. Nf3 Bg7 5. Bb5 Nd4 6. O-O Nxb5 7. Nxb5 d5 8. exd5 a6 9. Nc3 Nf6 10. d4 c4 11. Ne5 Nxd5 12. Qf3 Nxc3 13. bxc3 O-O 14. a4 Qc7 15. Ba3 Bf5 16. Rf2 h5 17. Qd5 Rad8 18. Qc5 Qb8 19. Qxe7 Bxe5 20. fxe5 Rfe8 21. Qg5 Qc8 22. Raf1 Be6 23. Rf6 Kg7 24. Rxf7+ Bxf7 25. Qf6+ Kg8 26. Qxf7+ Kh8 27. Be7 Rxe7 28. Qxe7 Rg8 29. Qg5 Kg7 30. Rf6 Qe8 31. e6 Rf8 32. Rxf8 Qxf8 33. Qe5+ Kh7 34. d5 b5 35. axb5 Qc5+ 36. Kf1 Qxb5 37. e7 Qb1+ 38. Qe1 Qxc2 39. e8=Q 1-0


[Site "https://www.chess.com"]

[Event "Titled Tuesday Blitz April 19 Early 2022"]
[White "Vetokhin, Ilia"]
[Black "Friedel, Tom"]
[WhiteFideId "24156078"]
[BlackFideId "2002108"]
[WhiteElo "1897"]
[BlackElo "2315"]
[Result "1-0"]
[Round "02"]
[TimeControl "180+1"]
[Date "2022.04.19"]
[WhiteClock "0:00:15"]
[BlackClock "0:00:06"]

1. d4 d5 2. c4 e6 3. g3 Nf6 4. Bg2 Be7 5. Nf3 O-O 6. O-O Nbd7 7. Nc3 dxc4 8. e4 Nb6 9. Qe2 Bd7 10. Rd1 Bc6 11. Ne5 Nfd7 12. Nxc4 Nxc4 13. Qxc4 Nb6 14. Qe2 Re8 15. Bf4 Bg5 16. Be3 Bxe3 17. Qxe3 Qe7 18. Qe2 Rad8 19. a3 h6 20. h4 a6 21. Rac1 Qf6 22. e5 Qe7 23. Bxc6 bxc6 24. Ne4 Rd5 25. Rxc6 Red8 26. Rdc1 a5 27. Rxc7 Qe8 28. Nd6 Qa4 29. Nxf7 Rf8 30. Nxh6+ Kh7 31. Qg4 Nd7 32. R1c4 Qb3 33. Qe4+ Kxh6 34. Rc3 Qb6 35. R7c6 Qxd4 36. Qxd4 Rxd4 37. Rxe6+ Kh7 38. Re7 Nb6 39. Rcc7 Nd5 40. Rxg7+ Kh6 41. Rh7+ Kg6 42. Rcg7+ Kf5 43. Rg5+ Ke4 44. e6 Rd1+ 45. Kg2 Rd2 46. Rg4+ Kd3 47. Rf4 Rxf4 48. gxf4 Nxf4+ 49. Kf3 Nxe6 50. Rd7+ Nd4+ 51. Kf4 Rxb2 52. Ke5 Rxf2 53. Rxd4+ Kc3 54. Rg4 Rh2 55. Kf5 Kb3 56. a4 Rf2+ 57. Kg5 Ra2 58. h5 Rc2 59. h6 Rc5+ 60. Kg6 Rc6+ 61. Kh5 Rc5+ 62. Rg5 Rc1 63. Rxa5 Rh1+ 64. Kg6 Kb4 65. Rh5 Rg1+ 66. Rg5 Rh1 67. a5 Ra1 68. h7 Rh1 69. Rh5 Rg1+ 70. Rg5 Rh1 71. Kg7 Rh2 72. h8=Q Rxh8 73. Kxh8 Ka4 74. a6 1-0


[Site "https://www.chess.com"]

[Event "Titled Tuesday Blitz April 19 Early 2022"]
[White "Vignesh, N R"]
[Black "Alinasab, Mobina"]
[WhiteFideId "25012215"]
[BlackFideId "12528897"]
[WhiteElo "2363"]
[BlackElo "2031"]
[Result "1-0"]
[Round "02"]
[TimeControl "180+1"]
[Date "2022.04.19"]
[WhiteClock "0:01:00"]
[BlackClock "0:00:18"]

1. b3 Nf6 2. Bb2 e6 3. Nf3 Be7 4. e3 b6 5. c4 Bb7 6. Be2 c5 7. O-O O-O 8. Nc3 d6 9. d4 cxd4 10. Nxd4 a6 11. Bf3 Qc7 12. Rc1 Nbd7 13. Ba3 Rac8 14. Qd2 Rfe8 15. Rfd1 Ne5 16. Bxb7 Qxb7 17. h3 Red8 18. Qe2 Bf8 19. e4 Re8 20. Nf3 Nxf3+ 21. Qxf3 Red8 22. Qe2 h6 23. Rc2 b5 24. cxb5 axb5 25. Bb4 d5 26. Bxf8 Kxf8 27. exd5 b4 28. Na4 Rxc2 29. Qxc2 Rxd5 30. Rxd5 Nxd5 31. Nc5 Qc6 32. Qc4 Kg8 33. Nd3 Qb6 34. g3 Kh7 35. h4 Kg8 36. Kg2 Kh7 37. Ne5 Qb7 38. Qc6 Qxc6 39. Nxc6 Kg6 40. Kf3 Kf6 41. Ke4 Nc3+ 42. Kd3 Nxa2 43. Kc4 Nc3 44. Nxb4 Ne4 45. Nd3 Ke7 46. Kd4 Nd2 47. b4 Kd6 48. Ne5 Nb3+ 49. Kc3 Kxe5 50. Kxb3 Kd5 51. Ka4 Kc6 52. Ka5 Kb7 53. Kb5 e5 54. Kc5 Kc7 55. Kd5 f6 56. h5 Kb6 57. g4 Kb5 58. Ke6 Kxb4 59. Kf7 Kc4 60. Kxg7 Kd3 61. Kxf6 e4 62. g5 Ke2 63. gxh6 Kxf2 64. h7 e3 65. h8=Q e2 66. Qe8 1-0


[Site "https://www.chess.com"]

[Event "Titled Tuesday Blitz April 19 Early 2022"]
[White "Visakh N R"]
[Black "Dobre, Claudiu-Cristian"]
[WhiteFideId "25012223"]
[BlackFideId "1211854"]
[WhiteElo "2448"]
[BlackElo "2207"]
[Result "1-0"]
[Round "02"]
[TimeControl "180+1"]
[Date "2022.04.19"]
[WhiteClock "0:00:33"]
[BlackClock "0:00:03"]

1. d4 d5 2. Bf4 Nf6 3. e3 e6 4. Nf3 c5 5. c3 Bd6 6. Bg3 O-O 7. Nbd2 Qc7 8. dxc5 Qxc5 9. Bd3 Nbd7 10. O-O Qc7 11. Rc1 Bxg3 12. hxg3 Nc5 13. Bb1 b5 14. b3 e5 15. c4 dxc4 16. bxc4 b4 17. Nb3 Bb7 18. Nxc5 Qxc5 19. Qc2 Be4 20. Qb2 Bxb1 21. Rxb1 Qxc4 22. Rfc1 Qb5 23. Qxb4 Qxb4 24. Rxb4 e4 25. Nd4 Rab8 26. Ra4 Rb7 27. Nc6 g6 28. Rxa7 Rxa7 29. Nxa7 Nd5 30. a4 Nb4 31. a5 Rd8 32. Rc8 Rxc8 33. Nxc8 f5 34. g4 Kf7 35. gxf5 gxf5 36. Kh2 Ke6 37. Kg3 Kd7 38. Nb6+ Kc6 39. Nc4 Nd3 40. a6 h5 41. a7 Kb7 42. Nd6+ Kxa7 43. Nxf5 Kb6 44. f3 Kc6 45. fxe4 Ne1 46. Nd4+ Kd6 47. Nf3 Nd3 48. Kh4 Nf2 49. e5+ Kd5 50. Kxh5 Nd1 51. g4 Nxe3 52. g5 Ke6 53. Kh6 Ng4+ 54. Kh7 1-0


[Site "https://www.chess.com"]

[Event "Titled Tuesday Blitz April 19 Early 2022"]
[White "Vlassov, Nikolai"]
[Black "Oganian, Miran"]
[WhiteFideId "4103360"]
[BlackFideId "4122488"]
[WhiteElo "2407"]
[BlackElo "2357"]
[Result "1-0"]
[Round "02"]
[TimeControl "180+1"]
[Date "2022.04.19"]
[WhiteClock "0:00:14"]
[BlackClock "0:00:04"]

1. e4 e6 2. d4 d5 3. exd5 exd5 4. Nf3 Bd6 5. c4 c6 6. Bd3 dxc4 7. Bxc4 Nf6 8. O-O O-O 9. Nc3 Bg4 10. Bg5 Nbd7 11. Re1 h6 12. Bh4 Bh5 13. h3 Bg6 14. Ne5 Kh7 15. f4 Be7 16. Qf3 Ng8 17. Bf2 Nxe5 18. dxe5 f5 19. Rad1 Qe8 20. Be6 Bb4 21. Bd7 Qe7 22. a3 Bc5 23. Rd3 Bxf2+ 24. Qxf2 Rad8 25. Red1 Rf7 26. Bxf5 Rdf8 27. Bxg6+ Kxg6 28. g3 Qxe5 29. Qxa7 Qh5 30. Kg2 Kh7 31. Qd4 Nf6 32. Ne4 Nd5 33. b4 Qg6 34. Kh2 Re7 35. Nf2 Re2 36. R3d2 Rfe8 37. g4 R8e3 38. f5 Qe8 39. Kg2 Qb8 40. Rxe2 Rxe2 41. Kf1 Re3 42. Re1 Rxa3 43. Qe4 Nf6 44. Qe5 Qd8 45. b5 cxb5 46. h4 Qd2 47. g5 Qxf2+ 48. Kxf2 Ng4+ 49. Kg2 Nxe5 50. Rxe5 hxg5 51. hxg5 Rb3 52. Re7 b6 53. f6 b4 54. Rxg7+ Kh8 55. Rb7 Rc3 56. g6 Rc8 57. Rxb6 Rg8 58. f7 Rf8 59. Rxb4 Kg7 60. Rb6 Rc8 61. Kf3 Rc4 62. Ke3 Rc1 63. Rb8 Rf1 64. Rg8+ Kh6 65. f8=Q+ 1-0


[Site "https://www.chess.com"]

[Event "Titled Tuesday Blitz April 19 Early 2022"]
[White "Vovk, Orest"]
[Black "Harish, Neeraj"]
[WhiteFideId "14113490"]
[BlackFideId "30958130"]
[WhiteElo "2203"]
[BlackElo "1574"]
[Result "1-0"]
[Round "02"]
[TimeControl "180+1"]
[Date "2022.04.19"]
[WhiteClock "0:02:00"]
[BlackClock "0:00:29"]

1. h4 d5 2. h5 e5 3. h6 Nxh6 4. d4 e4 5. Bxh6 gxh6 6. e3 Bg7 7. Ne2 Bg4 8. c4 c6 9. Qb3 Qd7 10. Nf4 Na6 11. Nc3 Be6 12. cxd5 cxd5 13. Bb5 1-0


[Site "https://www.chess.com"]

[Event "Titled Tuesday Blitz April 19 Early 2022"]
[White "Wagner, Dennis"]
[Black "Chernyavsky, Alexander"]
[WhiteFideId "24650684"]
[BlackFideId "24131156"]
[WhiteElo "2355"]
[BlackElo "2292"]
[Result "0-1"]
[Round "02"]
[TimeControl "180+1"]
[Date "2022.04.19"]
[WhiteClock "0:00:26"]
[BlackClock "0:00:20"]

1. c4 Nf6 2. Nc3 g6 3. Nf3 Bg7 4. e4 O-O 5. d4 d6 6. Be2 e5 7. Be3 Ng4 8. Bg5 f6 9. Bh4 g5 10. Bg3 Nh6 11. dxe5 dxe5 12. Qc2 c6 13. Nd2 Na6 14. O-O-O Be6 15. Nf1 Qc8 16. Ne3 f5 17. exf5 Nxf5 18. Bd3 Nb4 19. Qb1 Nxd3+ 20. Qxd3 b5 21. Ne4 bxc4 22. Nxc4 Qa6 23. Na3 Qxd3 24. Rxd3 Bd5 25. f3 g4 26. Re1 Nd4 27. fxg4 Bxa2 28. Nc5 Bh6+ 29. Kd1 Rad8 30. Bxe5 Nb3 31. Bc7 Nxc5 32. Rxd8 Rxd8+ 33. Bxd8 Bd5 34. g5 Bg7 35. Bf6 Bf8 36. Re2 Kf7 37. Nc2 Ne4 38. Ne3 Nxf6 39. gxf6 Be6 40. Rf2 Bc5 41. Rf3 Bd4 42. Kc2 c5 43. h3 h5 44. g4 hxg4 45. Nxg4 Bd5 46. Rf5 Be4+ 47. Kb3 Bxf5 48. Kc4 Bxg4 49. hxg4 Kxf6 50. b4 cxb4 51. Kxb4 Kg5 52. Kb5 Kxg4 53. Ka6 Kf5 54. Kb5 Ke6 55. Ka6 Kd6 56. Kb5 Kc7 57. Ka5 Kb7 58. Kb5 a6+ 59. Ka5 Bc3+ 60. Ka4 Kb6 61. Kb3 Be1 62. Ka4 a5 63. Kb3 Kb5 64. Ka3 a4 65. Kb2 Kb4 66. Ka2 a3 67. Kb1 Kb3 68. Ka1 Bc3+ 69. Kb1 a2+ 70. Kc1 a1=Q# 0-1


[Site "https://www.chess.com"]

[Event "Titled Tuesday Blitz April 19 Early 2022"]
[White "Warchol, Kamil"]
[Black "Hernandez Bermudez, Ulises Eduardo"]
[WhiteFideId "21858241"]
[BlackFideId "3902510"]
[WhiteElo "1910"]
[BlackElo "2056"]
[Result "0-1"]
[Round "02"]
[TimeControl "180+1"]
[Date "2022.04.19"]
[WhiteClock "0:00:16"]
[BlackClock "0:00:15"]

1. e4 c5 2. Nf3 d6 3. d4 cxd4 4. Nxd4 Nf6 5. Nc3 a6 6. f4 e5 7. Nf3 Nbd7 8. a4 Qc7 9. Bd3 Be7 10. O-O O-O 11. Qe1 Re8 12. a5 exf4 13. Bxf4 Ne5 14. Nd4 b5 15. Bg5 Be6 16. Bxf6 Bxf6 17. Rxf6 gxf6 18. Qh4 Qc5 19. Ne2 Kg7 20. Rf1 Ng6 21. Qxf6+ Kg8 22. Kh1 Qe5 23. Qf2 d5 24. Nxe6 Qxe6 25. Nd4 Qd7 26. Qf6 Re6 27. Nxe6 Qxe6 28. exd5 Qxd5 29. Qf2 Rc8 30. Re1 Qc5 31. Qxc5 Rxc5 32. Re8+ Kg7 33. Ra8 Rc6 34. g3 Ne5 35. Be4 Rd6 36. Bb7 Rd1+ 37. Kg2 Rd2+ 38. Kh3 Rxc2 39. Rxa6 h5 40. Bd5 Ng4 41. Kh4 Rxh2+ 42. Kg5 f6+ 43. Kf5 Ne3+ 44. Ke4 Nxd5 45. Kxd5 Rxb2 46. Ra8 Rb3 47. Kc5 Rxg3 48. a6 Ra3 49. Kb4 Ra1 50. Kxb5 h4 51. Rc8 h3 52. Rc2 Kg6 53. Rh2 Kg5 54. Rxh3 f5 55. Kb4 Rxa6 56. Kc4 Re6 57. Kd3 Kg4 58. Rh8 f4 59. Kd4 Kg3 60. Ra8 f3 61. Rg8+ Kf2 62. Rf8 Rg6 63. Ke4 Rg4+ 64. Ke5 Ra4 65. Kd5 Ra3 66. Kd4 Ke1 67. Re8+ Kf1 68. Rf8 f2 69. Ke4 Ke1 70. Kd4 f1=Q 71. Rxf1+ Kxf1 72. Kc4 Rh3 73. Kb4 Rh2 74. Kc4 Kg1 75. Kd4 Kg2 76. Kd3 Rh3+ 77. Ke4 Rg3 78. Ke5 Kh3 79. Kd5 Rg4 80. Ke5 Kg3 81. Kd5 Kf3 82. Ke5 Rf4 83. Kd5 Ke3 84. Ke5 Rh4 85. Kd5 Re4 86. Kd6 Kd4 87. Kc6 Re5 88. Kb6 Rc5 89. Ka6 Kc4 90. Kb7 Kb5 91. Ka7 Rc7+ 92. Ka8 Kb6 93. Kb8 Rc1 94. Ka8 Rc8# 0-1


[Site "https://www.chess.com"]

[Event "Titled Tuesday Blitz April 19 Early 2022"]
[White "Winkels, Marcel"]
[Black "Popadic, Dragan"]
[WhiteFideId "1003887"]
[BlackFideId "913650"]
[WhiteElo "1900"]
[BlackElo "2203"]
[Result "0-1"]
[Round "02"]
[TimeControl "180+1"]
[Date "2022.04.19"]
[WhiteClock "0:00:11"]
[BlackClock "0:00:17"]

1. e4 c5 2. Nf3 Nc6 3. Bb5 e5 4. d3 d6 5. Nc3 Nf6 6. h3 Be7 7. O-O O-O 8. Be3 Ne8 9. Bxc6 bxc6 10. Qd2 f5 11. Bg5 f4 12. Bxe7 Qxe7 13. Kh2 Nf6 14. a3 a5 15. Rg1 Nh5 16. Qe2 g6 17. g3 fxg3+ 18. fxg3 Bd7 19. Raf1 Qe6 20. Ng5 Qe7 21. h4 h6 22. Nf3 Bg4 23. Qg2 Nf6 24. Nd2 Be6 25. Kh1 Qd7 26. Qe2 Rf7 27. Rf2 Raf8 28. Nc4 Bxc4 29. dxc4 Qh3+ 30. Rh2 Qe6 31. Rf2 Nh5 32. Rxf7 Rxf7 33. Kh2 Qf6 34. Kg2 Qe6 35. Rf1 Nf6 36. Rf3 Kg7 37. Qf2 Qxc4 38. Qd2 Qd4 39. Rd3 Qc4 40. Rxd6 Nxe4 41. Nxe4 Qxe4+ 42. Kh3 Qf5+ 43. Kh2 Qf1 44. Qg2 Rf2 0-1


[Site "https://www.chess.com"]

[Event "Titled Tuesday Blitz April 19 Early 2022"]
[White "Yanayt, Eugene"]
[Black "Orlov, Georgi"]
[WhiteFideId "2020165"]
[BlackFideId "2011271"]
[WhiteElo "2046"]
[BlackElo "2522"]
[Result "0-1"]
[Round "02"]
[TimeControl "180+1"]
[Date "2022.04.19"]
[WhiteClock "0:00:14"]
[BlackClock "0:01:00"]

1. d4 Nf6 2. c4 Nc6 3. Nf3 e6 4. Nc3 Bb4 5. Qc2 d6 6. e3 O-O 7. Bd3 e5 8. d5 Bxc3+ 9. Qxc3 Ne7 10. Qc2 c6 11. dxc6 Nxc6 12. Bd2 Bg4 13. h3 Bh5 14. O-O-O d5 15. cxd5 Qxd5 16. Kb1 Bxf3 17. gxf3 Qxf3 18. Rhg1 e4 19. Bc4 Ne5 20. Qc3 Nxc4 21. Qxc4 Rac8 22. Qb3 Rfd8 23. Bc3 Rd3 24. Rxd3 exd3 25. Qxb7 Qxb7 0-1


[Site "https://www.chess.com"]

[Event "Titled Tuesday Blitz April 19 Early 2022"]
[White "Yang, Kaiqi"]
[Black "Abdrlauf, Elham"]
[WhiteFideId "8604398"]
[BlackFideId "1533533"]
[WhiteElo "2373"]
[BlackElo "2334"]
[Result "0-1"]
[Round "02"]
[TimeControl "180+1"]
[Date "2022.04.19"]
[WhiteClock "0:00:03"]
[BlackClock "0:00:07"]

1. e4 c6 2. d4 d5 3. e5 c5 4. Nf3 cxd4 5. Nxd4 Nc6 6. Bb5 Bd7 7. c4 e6 8. cxd5 Nxd4 9. Bxd7+ Qxd7 10. Qxd4 exd5 11. Nc3 Ne7 12. Bg5 Nc6 13. Qxd5 Bb4 14. Qxd7+ Kxd7 15. O-O-O+ Ke6 16. Nd5 Rac8 17. Kb1 h6 18. Bh4 g5 19. Bg3 Rhd8 20. Nxb4 Nxb4 21. Rd6+ Rxd6 22. exd6 Nc6 23. h4 g4 24. h5 Kd7 25. Re1 Rg8 26. Bf4 a6 27. Kc2 Nd4+ 28. Kd3 Ne6 29. Bxh6 Rh8 30. Be3 Rxh5 31. Rd1 Rd5+ 32. Ke2 Rxd1 33. Kxd1 Kxd6 34. Ke2 Kd5 35. Kd3 f5 36. f3 gxf3 37. gxf3 Nd8 38. b3 Nc6 39. Bd2 Nd4 40. Ke3 Ne6 41. Bc3 b5 42. Bb2 Kc5 43. Ba3+ Kd5 44. Bb2 Nc7 45. Bc3 Ne8 46. Kf4 Ke6 47. Bb2 Nc7 48. Kg5 Nd5 49. Bc1 Nb4 50. a3 Nd3 51. Bd2 Nc5 52. b4 Nd3 53. Bc3 Ne5 54. Kf4 Nc4 55. Bd4 Nxa3 56. Bc5 Nc4 57. Bf8 Ne5 58. Ke3 Nc6 59. Bc5 a5 60. bxa5 Nxa5 61. Kd4 Nc6+ 62. Kc3 Kd5 63. Be3 Ne5 64. f4 Nc6 65. Bc1 Ke4 66. Kb3 Kd3 67. Bb2 Ke3 68. Bc1+ Ke4 69. Bb2 Kxf4 70. Bc1+ Ke4 71. Bd2 f4 72. Bc1 f3 0-1


[Site "https://www.chess.com"]

[Event "Titled Tuesday Blitz April 19 Early 2022"]
[White "Yeletsky, Ivan"]
[Black "Hnydiuk, Aleksander"]
[WhiteFideId "24180327"]
[BlackFideId "1109057"]
[WhiteElo "2319"]
[BlackElo "2374"]
[Result "0-1"]
[Round "02"]
[TimeControl "180+1"]
[Date "2022.04.19"]
[WhiteClock "0:00:02"]
[BlackClock "0:00:07"]

1. d4 Nf6 2. c4 g6 3. Nc3 Bg7 4. e4 d6 5. h3 O-O 6. Bg5 h6 7. Be3 e5 8. d5 Na6 9. g4 Nc5 10. Qc2 a5 11. Nge2 c6 12. Ng3 cxd5 13. cxd5 Bd7 14. Bxc5 dxc5 15. Bb5 c4 16. a4 Ne8 17. d6 Nxd6 18. Bxd7 Qxd7 19. O-O-O Qc6 20. Rd5 Rfb8 21. Rhd1 Bf8 22. Qd2 Ne8 23. g5 Nc7 24. Rd7 Ne6 25. gxh6 Nf4 26. h7+ Kxh7 27. Rxf7+ Kg8 28. Rd7 Nd3+ 29. Rxd3 cxd3 30. Nf5 b5 31. Kb1 bxa4 32. Rg1 a3 33. Qxd3 Rxb2+ 34. Ka1 Rc8 35. Ne2 Qc4 36. Rxg6+ Kh7 37. Qd7+ Kxg6 38. Nh4+ Kh6 39. Qg4 Qa2# 0-1


[Site "https://www.chess.com"]

[Event "Titled Tuesday Blitz April 19 Early 2022"]
[White "Zakhartsov, Vladimir"]
[Black "Sukandar, Irine Kharisma"]
[WhiteFideId "4145097"]
[BlackFideId "7101937"]
[WhiteElo "2491"]
[BlackElo "2293"]
[Result "1-0"]
[Round "02"]
[TimeControl "180+1"]
[Date "2022.04.19"]
[WhiteClock "0:01:10"]
[BlackClock "0:00:04"]

1. e4 e5 2. Nc3 Nf6 3. f4 d6 4. Nf3 Bg4 5. Bc4 Be7 6. fxe5 Bxf3 7. Qxf3 dxe5 8. Qg3 O-O 9. O-O Nc6 10. d3 a6 11. Bh6 Ne8 12. a3 Bf6 13. Nd5 Bh4 14. Qg4 Kh8 15. Be3 Nd4 16. Rac1 Nd6 17. Ba2 f5 18. exf5 N6xf5 19. Bd2 c6 20. Nc3 Be7 21. Ne4 Nd6 22. Rxf8+ Qxf8 23. Rf1 Qc8 24. Nxd6 Bxd6 25. Qd1 Bc5 26. Kh1 Qd8 27. a4 Qh4 28. c3 e4 29. cxd4 Bd6 30. g3 Bxg3 31. Qe2 exd3 32. Qg2 Bd6 33. Rf7 Rg8 34. Rd7 Bxh2 35. Qxh2 Qe4+ 36. Qg2 Qh4+ 37. Kg1 Qh5 38. Bxg8 Qd1+ 39. Kh2 Qh5+ 40. Kg3 Qg6+ 41. Kf2 Qf5+ 42. Ke3 Qxd7 43. Bc4 b5 44. axb5 axb5 45. Bxd3 Qe6+ 46. Qe4 Qh3+ 47. Ke2 Qh2+ 48. Kd1 Qg1+ 49. Kc2 1-0


[Site "https://www.chess.com"]

[Event "Titled Tuesday Blitz April 19 Early 2022"]
[White "Zanette, Edgard Vinicius"]
[Black "Swicarz, Maciej"]
[WhiteFideId "2109263"]
[BlackFideId "1113585"]
[WhiteElo "2182"]
[BlackElo "2057"]
[Result "1/2-1/2"]
[Round "02"]
[TimeControl "180+1"]
[Date "2022.04.19"]
[WhiteClock "0:00:48"]
[BlackClock "0:01:28"]

1. e4 c5 2. Nc3 d6 3. g3 Nc6 4. Bg2 g6 5. Nge2 Bg7 6. d3 e6 7. Be3 Nge7 8. d4 cxd4 9. Nxd4 e5 10. Ndb5 O-O 11. Qxd6 a6 12. Qxd8 Rxd8 13. Nc7 Rb8 14. N7d5 Nxd5 15. Nxd5 Be6 16. O-O-O Bxd5 17. exd5 Nd4 18. c3 Nf5 19. Bb6 Rd7 20. Bh3 Rc8 21. Bxf5 gxf5 22. f3 Bh6+ 23. Kc2 Rd6 24. Ba5 Bf8 25. Rhe1 f6 26. Bb4 Rd7 27. Bxf8 Kxf8 28. Rd2 Rc5 29. Red1 Ke7 30. b3 b5 31. Rd3 Kd6 32. Kd2 Rdc7 33. Kc2 Rc8 34. a3 R8c7 35. R1d2 Rc8 36. Rd1 R8c7 37. R1d2 Rc8 38. Rd1 1/2-1/2


[Site "https://www.chess.com"]

[Event "Titled Tuesday Blitz April 19 Early 2022"]
[White "Zemerov, Vladimir"]
[Black "Mitrabha, Guha"]
[WhiteFideId "4111583"]
[BlackFideId "5057000"]
[WhiteElo "2277"]
[BlackElo "2468"]
[Result "0-1"]
[Round "02"]
[TimeControl "180+1"]
[Date "2022.04.19"]
[WhiteClock "0:00:24"]
[BlackClock "0:01:21"]

1. d4 Nf6 2. c4 g6 3. Nc3 Bg7 4. e4 O-O 5. h3 d6 6. Bg5 c5 7. d5 e6 8. Bd3 h6 9. Be3 exd5 10. cxd5 Re8 11. Nge2 Na6 12. O-O Nc7 13. a4 Na6 14. Rc1 Nb4 15. Bb1 a6 16. Ng3 b5 17. axb5 axb5 18. Nxb5 Ba6 19. Nc3 Bxf1 20. Qxf1 Nd7 21. f4 Ra1 22. e5 dxe5 23. f5 e4 24. fxg6 fxg6 25. Ngxe4 Nf6 26. Nxf6+ Qxf6 27. Bxc5 Na6 28. b4 Qxf1+ 29. Kxf1 Nxc5 30. Ba2 Rxc1+ 31. Kf2 Rxc3 0-1


[Site "https://www.chess.com"]

[Event "Titled Tuesday Blitz April 19 Early 2022"]
[White "Zhu, Jiner"]
[Black "Martin Duque, Jesus"]
[WhiteFideId "8608059"]
[BlackFideId "2208954"]
[WhiteElo "2281"]
[BlackElo "2243"]
[Result "1-0"]
[Round "02"]
[TimeControl "180+1"]
[Date "2022.04.19"]
[WhiteClock "0:00:11"]
[BlackClock "0:00:01"]

1. e4 c5 2. Nf3 e6 3. d4 cxd4 4. Nxd4 a6 5. Bd3 Nf6 6. O-O d6 7. c4 g6 8. Nc3 Bg7 9. Be3 O-O 10. f3 Nbd7 11. Rc1 b6 12. Qd2 Bb7 13. Rfd1 Rc8 14. Bf1 Re8 15. Kh1 Qc7 16. b3 Qb8 17. Nde2 Bf8 18. Rc2 Bc6 19. Nd4 Ba8 20. Qf2 Rc7 21. Rcc1 Rec8 22. a4 Nc5 23. b4 Ncd7 24. Nb3 Ne5 25. Bxb6 Rb7 26. c5 Nfd7 27. a5 Nc6 28. Bxa6 Nxb4 29. Bxb7 Bxb7 30. Nb5 Ba6 31. Nxd6 Bxd6 32. cxd6 Nd3 33. Rxc8+ Qxc8 34. Qd2 N7e5 35. Nd4 Qc4 36. h3 h5 37. Nc2 h4 38. Ne1 Nb4 39. d7 Qf1+ 40. Kh2 Nxd7 41. Qxd7 Be2 42. Qd8+ Kg7 43. Bd4+ e5 44. Bxe5+ Kh6 45. Qxh4# 1-0


[Site "https://www.chess.com"]